 Dungeon Crawl Stone Soup version 0.32-a0-576-g706899e69d (webtiles) character file.

Game seed: 12653788233240438847

11 Malificent the Nimble (level 2, 23/23 HPs)
             Began as a Gnoll Wanderer on Mar 1, 2024.
             Quit the game on level 2 of the Dungeon on Mar 2, 2024.
             The game lasted 00:02:00 (158 turns).

Malificent the Nimble (Gnoll Wanderer)               Turns: 158, Time: 00:02:00

Health: 23/23      AC:  3    Str:  8    XL:     2   Next: 29%
Magic:  2/2        EV: 16    Int:  9    God:
Gold:   13         SH:  0    Dex: 16    Spells: 1/1 levels left

rFire   . . .        a - +0 flail
rCold   . . .        (no shield)
rNeg    . . .        e - +0 robe
rPois   .            (no helmet)
rElec   .            c - +0 cloak
rCorr   .            (no gloves)
SInv    .            (no boots)
Will    .....        (no amulet)
Stlth   ++           (no ring)
HPRegen 0.23/turn    (no ring)
MPRegen 0.08/turn

%: no passive effects
@: no status effects
A: fangs 1, strong nose, distributed training
a: no special abilities


You were on level 2 of the Dungeon.
You visited 1 branch of the dungeon, and saw 2 of its levels.

You collected 13 gold pieces.

Inventory:

Hand Weapons
 a - a +0 flail (weapon)
 b - a +0 falchion
Armour
 c - a +0 cloak (worn)
 e - a +0 robe (worn)
 g - an orb of guile
Scrolls
 d - a scroll of blinking
 f - 2 scrolls of identify {unknown}


   Skills:
 + Level 2.5 Fighting
 + Level 0.4 Short Blades
 + Level 2.5 Long Blades
 + Level 0.4 Axes
 + Level 6.5 Maces & Flails
 + Level 0.4 Polearms
 + Level 0.4 Staves
 + Level 0.4 Ranged Weapons
 + Level 0.4 Throwing
 + Level 2.5 Armour
 + Level 8.5 Dodging
 + Level 0.4 Stealth
 + Level 0.4 Shields
 + Level 0.4 Unarmed Combat
 + Level 0.4 Spellcasting
 + Level 0.2 Conjurations
 + Level 0.2 Hexes
 + Level 0.2 Summonings
 + Level 0.2 Necromancy
 + Level 0.2 Translocations
 + Level 0.2 Fire Magic
 + Level 0.2 Ice Magic
 + Level 0.2 Air Magic
 + Level 0.2 Earth Magic
 + Level 0.2 Alchemy
 + Level 0.5 Invocations
 + Level 0.4 Evocations
 + Level 0.3 Shapeshifting


You had one spell level left.
You didn't know any spells.
Your spell library was empty.

Dungeon Overview and Level Annotations

Branches:
Dungeon (1/15)

Altars:


Innate Abilities, Weirdness & Mutations

You have very sharp teeth.
Your uncanny sense of smell can sniff out nearby items.
Your experience applies equally to all skills.


Message History

You kill the endoplasm!
You barely miss the goblin. The goblin barely misses you.
The quokka completely misses you.
You hit the goblin.
You kill the goblin!
The quokka completely misses you.
You miss the quokka. The quokka barely misses you. The quokka misses you.
You closely miss the quokka. The quokka closely misses you.
You hit the quokka.
The quokka is severely wounded.
The quokka bites you but does no damage.
You closely miss the quokka. You bite the quokka, but do no damage.
The quokka is severely wounded.
The quokka closely misses you. x2
You closely miss the quokka.
The quokka is severely wounded.
The quokka misses you.
You closely miss the quokka.
The quokka is severely wounded.
The quokka bites you.
You hit the quokka.
You kill the quokka!
Things that are here:
a +0 dagger; a goblin corpse
f - 2 scrolls labelled VUQECZ WAPSO (gained 1)
You see here a +0 dagger.
You start resting.
A ball python comes into view.
The ball python hisses angrily.
A ball python comes into view.
The ball python hisses angrily.
You sock the ball python!
You kill the ball python!
Found a dark potion.
A malevolent force fills the Dungeon...
You fall into a shaft and drop 1 floor!
The shaft crumbles and collapses.
Welcome back, Malificent the Gnoll Wanderer.
Press ? for a list of commands and other information.
Are you sure you want to abandon this character and quit the game? (Confirm with "yes".)

#.# ..
#.###
#.#..
...##
#...#
#...#
#.@.#
#.....#
###...#
#...#
#...#
#...#
##### ∆


There were no monsters in sight!

Vanquished Creatures
  2 endoplasms (D:1)
  A giant cockroach (D:1)
  2 goblins (D:1)
  A hobgoblin (D:1)
  2 quokkas (D:1)
  A ball python (D:1)
  A rat (D:1)
10 creatures vanquished.

Notes
Turn   | Place    | Note
-------+----------+-------------------------------------------
     0 | D:1      | Malificent the Gnoll Wanderer began the quest for the Orb.
     0 | D:1      | Malificent set off with the following items: a +0 flail, a
                  | +0 falchion, a +0 cloak, a scroll of blinking, a +0 robe.
     0 | D:1      | Reached XP level 1. HP: 17/17 MP: 1/1
   109 | D:1      | Reached XP level 2. HP: 17/23 MP: 2/2
   157 | D:1      | You fall into a shaft and drop 1 floor!
   158 | D:2      | Quit the game

Illustrated notes

Levels and vault maps discovered:
D:1:      dpeg_arrival_prison, layout_rooms
D:2:      layout_rooms, basic_altar, dk_noncrumbling_3, minmay_tetromino_s4,
          uniq_terence

Action                     || total
---------------------------++-------
  Melee: Flail             ||    26
         Bite              ||     4
 Armour: Robe              ||     4
  Dodge: Dodged            ||    20

Table legend: (Time is in decaauts)
 A = Elapsed time spent in this place.
 B = Non-inter-level travel time spent in this place.
 C = Inter-level travel time spent in this place.
 D = Time resting spent in this place.
 E = Time spent auto-exploring this place.
 F = Levels seen in this place.
 G = Mean time per level.
                   A        B        C        D        E       F      G
               +--------+--------+--------+--------+--------+-----+--------+
         Total |    159 |    159 |      0 |     26 |     61 |   2 |   79.5 |
       Dungeon |    159 |    159 |      0 |     26 |     61 |   2 |   79.5 |
               +--------+--------+--------+--------+--------+-----+--------+

Top non-repeatable levels by time:
     D:1: 159 daAuts
     D:2: 0 daAuts
